 Dungeon Crawl Stone Soup version 0.20-a0-277-g7db01f4 (webtiles) character file.

3337 dondy the Jinx (level 9, -6/53 HPs)
             Began as a Vampire Enchanter on Dec 11, 2016.
             Was a Believer of Hepliaklqana.
             Mangled by a wraith (15 damage)
             ... on level 9 of the Dungeon.
             The game lasted 00:43:55 (10051 turns).

dondy the Jinx (Vampire Enchanter)                 Turns: 10051, Time: 00:43:56

Health: -6/53      AC:  7    Str: 11    XL:     9   Next: 72%
Magic:  4/21       EV: 18    Int: 18    God:    Hepliaklqana [**....]
Gold:   61         SH:  0    Dex: 15    Spells: 0/12 levels left

rFire  . . .     SeeInvis +     b - +2 rapier (venom)
rCold  + + .     Gourm    .     n - +1 robe of Greed {Regen+ MP+9 Str+4 Int-2 Stlth+}
rNeg   + + +     Faith    .     (no shield)
rPois  ∞         Spirit   .     (no helmet)
rElec  .         Reflect  .     y - +0 cloak
rCorr  .         Harm     .     C - +2 pair of gloves
MR     +....                    (no boots)
Stlth  +++++++...               (no amulet)
                                (no ring)
                                G - ring of protection from magic

@: bloodless, non-regenerating
A: reduced essence, fangs 3, see invisible, unbreathing
a: Bat Form, Recall Ancestor, Ancestor Identity, Renounce Religion


You were on level 9 of the Dungeon.
You worshipped Hepliaklqana.
Hepliaklqana was pleased with you.
You were bloodless.

You visited 2 branches of the dungeon, and saw 10 of its levels.

You collected 319 gold pieces.
You spent 258 gold pieces at shops.

Inventory:

Hand Weapons
 a - a +1 dagger
 b - a +2 rapier of venom (weapon)
Missiles
 F - a throwing net (quivered)
Armour
 n - the +1 robe of Greed (worn) {Regen+ MP+9 Str+4 Int-2 Stlth+}
   (You bought it in a shop on level 8 of the Dungeon)

   It affects your strength (+4).
   It affects your intelligence (-2).
   It affects your magic capacity (+9).
   It increases your rate of regeneration.
   It makes you more stealthy.
 y - a +0 cloak (worn)
 C - a +2 pair of gloves (worn)
Jewellery
 G - a ring of protection from magic (left hand)
 J - an uncursed ring of magical power {unknown}
Wands
 m - a wand of confusion (4/48)
 B - a wand of paralysis (14/24)
 L - a wand of heal wounds (3/9)
Scrolls
 c - a scroll of amnesia {unknown}
 f - a scroll of magic mapping {unknown}
 h - 2 scrolls of enchant weapon {unknown}
 i - 3 scrolls of teleportation
 j - a scroll of noise {unknown}
 l - 4 scrolls of recharging {unknown}
 r - 7 scrolls of remove curse
 s - 2 scrolls of random uselessness {unknown}
 w - a scroll of fear {unknown}
 A - 6 scrolls of identify {unknown}
 H - 2 scrolls of fog
 K - a scroll of blinking {unknown}
Potions
 d - 14 potions of blood
 e - a potion of invisibility {unknown}
 g - 2 potions of resistance {unknown}
 k - 7 potions of curing
 o - a potion of cure mutation {unknown}
 t - 2 potions of ambrosia {unknown}
 u - a potion of haste {unknown}
 v - 4 potions of flight {unknown}
 x - 2 potions of might {unknown}
 z - 3 potions of lignification {unknown}
 D - a potion of magic {unknown}
 E - 2 potions of agility


   Skills:
 + Level 1.3 Fighting
 - Level 8.0 Short Blades
 + Level 8.8 Dodging
 - Level 10.0 Stealth
 - Level 2.0 Spellcasting
 - Level 10.0 Hexes


You couldn't memorise any spells.
You knew the following spells:

 Your Spells              Type           Power        Failure   Level  Hunger
a - Corona                Hex            #####..      1%          1    #......
b - Ensorcelled Hibernat  Hex/Ice        ###...       3%          2    ###....
c - Confuse               Hex            #####...     1%          3    ###....
d - Dazzling Spray        Conj/Hex       ###...       10%         3    ###....
e - Tukima's Dance        Hex            #####...     1%          3    ###....


Dungeon Overview and Level Annotations

Branches:
Dungeon (9/15)             Temple (1/1) D:7            Lair (0/6) D:9
    Orc: D:9-12

Altars:
Ashenzari
Cheibriados
Dithmenos
Elyvilon
Fedhas
Gozag
Hepliaklqana
Makhleb
Nemelex Xobeh
Okawaru
Qazlal
Ru
Sif Muna
Trog
Uskayaw
Vehumet
Xom
Yredelemnul
Zin
The Shining One

Shops:
D:5 [   D:8 [!%*

Annotations:
D:2 exclusion: 3 gnolls


Innate Abilities, Weirdness & Mutations

You do not heal naturally.
You are immune to poison.
You have razor-sharp teeth.
You have supernaturally acute eyesight. (SInv)
You can survive without breathing.
Your life essence is reduced. (-10% HP)


Message History

The wraith misses you.
You closely miss the wraith. You bite the wraith, but do no damage.
The wraith is heavily damaged.
The wraith barely misses you.
You hit the wraith.
The wraith is heavily damaged.
The wraith closely misses you.
You hit the wraith.
The wraith is severely damaged.
You barely miss the wraith.
The wraith is severely damaged.
The wraith closely misses you.
You hit the wraith but do no damage.
The wraith is severely damaged.
The wraith hits you!
* * * LOW HITPOINT WARNING * * *
You hit the wraith but do no damage.
The wraith is severely damaged.
The wraith hits you!
You die...

....# #.>.......#
#.....#### ....#
#....†....#
#.....'...
.<..####.........#
#.....####
....##.'.........#
#.....#
....#..#.........#
#.....#
....'.##.........#
#######
....####........%#
##### #########W#
#@### #.#8#.#
#.....# #######


You could see a wraith.

Vanquished Creatures
  A troll (D:9)
  A hippogriff (D:7)
  A wyvern (D:9)
  Edmund (D:5)
  A phantom (D:4)
  3 orc warriors
  An eye of draining (D:9)
  An ice beast (D:7)
  3 ogres
  5 centaurs
  2 bullfrogs
  The ghost of Kidiri the Magician, an amateur DEFE (D:3)
  2 scorpions (D:6)
  A howler monkey (D:5)
  5 crimson imps
  A hound (D:6)
  A quasit (D:9)
  2 jellies
  An orc wizard (D:7)
  A gnoll shaman (D:9)
  Ijyb (D:2)
  An iguana (D:8)
  9 worker ants
  An ogre zombie (D:9)
  4 worker ant zombies
  A howler monkey zombie (D:5)
  4 gnolls (D:9)
  10 adders
  2 shadow imps (D:9)
  An ooze (D:2)
  2 worms (D:5)
  3 dart slugs
  4 leopard geckos
  8 orcs
  2 giant cockroaches
  4 goblins
  9 hobgoblins
  8 kobolds
  4 quokkas
  2 ball pythons
  7 bats
  6 frilled lizards
  2 giant cockroach zombies (D:5)
  A quokka zombie (D:5)
  3 rats (D:2)
134 creatures vanquished.

Vanquished Creatures (collateral kills)
  A necrophage (D:9)
  A hound (D:8)
  2 orc wizards
  2 iguanas (D:9)
  A mummy (D:9)
  A leopard gecko (D:9)
  An orc (D:9)
9 creatures vanquished.

Vanquished Creatures (others)
  A hexer (D:9)
1 creature vanquished.

Grand Total: 144 creatures vanquished

Notes
Turn   | Place    | Note
-------+----------+-------------------------------------------
     0 | D:1      | dondy the Vampire Enchanter began the quest for the Orb.
     0 | D:1      | Reached XP level 1. HP: 13/13 MP: 3/3
   580 | D:1      | Reached skill level 5 in Stealth
   580 | D:1      | Reached XP level 2. HP: 19/19 MP: 5/5
   584 | D:1      | Learned a level 2 spell: Ensorcelled Hibernation
  1010 | D:2      | Found a shattered altar of Ashenzari.
  1279 | D:2      | Reached skill level 5 in Hexes
  1886 | D:2      | Reached XP level 3. HP: 20/24 MP: 1/6
  1891 | D:2      | Learned a level 3 spell: Confuse
  2204 | D:2      | Reached XP level 4. HP: 30/30 MP: 4/7
  2537 | D:2      | Noticed Ijyb
  2542 | D:2      | Killed Ijyb
  3039 | D:3      | Noticed Kidiri's ghost (amateur DEFE)
  3052 | D:3      | Killed Kidiri's ghost
  3052 | D:3      | Reached XP level 5. HP: 22/35 MP: 4/8
  4050 | D:4      | Noticed a phantom
  4057 | D:4      | Killed a phantom
  4057 | D:4      | Reached XP level 6. HP: 41/41 MP: 5/9
  4836 | D:5      | Entered Level 5 of the Dungeon
  5243 | D:5      | Reached XP level 7. HP: 46/46 MP: 5/10
  5350 | D:5      | Found a sacrificial altar of Ru.
  5403 | D:5      | Noticed Edmund
  5412 | D:5      | Killed Edmund
  5419 | D:5      | Learned a level 3 spell: Dazzling Spray
  5631 | D:5      | Found Melonot's Antique Armour Boutique.
  6155 | D:6      | Reached skill level 5 in Short Blades
  6257 | D:6      | Found a bloodstained altar of Trog.
  6269 | D:6      | Found a hazy altar of Hepliaklqana.
  6303 | D:6      | Reached XP level 8. HP: 52/52 MP: 2/11
  6387 | D:6      | Reached skill level 10 in Hexes
  7031 | D:7      | Noticed a hippogriff
  7035 | D:7      | Killed a hippogriff
  7294 | D:7      | Reached skill level 10 in Stealth
  7334 | D:7      | Found a staircase to the Ecumenical Temple.
  7343 | Temple   | Entered the Ecumenical Temple
  7470 | D:6      | Became a worshipper of Hepliaklqana the Forgotten
  7603 | D:7      | Found a burning altar of Makhleb.
  7815 | D:8      | Found a snail-covered altar of Cheibriados.
  8022 | D:8      | Found Muborac's Antique Armour Emporium.
  8148 | D:8      | Bought a bloodstained robe for 108 gold pieces
  8158 | D:8      | Identified the +1 robe of Greed {Regen+ MP+9 Str+4 Int-2 Stlth+} (You bought it in a shop on level 8 of the Dungeon)
  8340 | D:8      | Reached XP level 9. HP: 51/51 MP: 12/12
  8345 | D:8      | Learned a level 3 spell: Tukima's Dance
  8412 | D:8      | Reached * piety under Hepliaklqana
  8535 | D:8      | Found Seapneyr's Food Boutique.
  8538 | D:8      | Found Nunek's Distillery.
  8544 | D:8      | Bought a potion of degeneration for 10 gold pieces
  8544 | D:8      | Bought a potion of heal wounds for 50 gold pieces
  8544 | D:8      | Bought a potion of curing for 30 gold pieces
  8544 | D:8      | Bought a potion of agility for 40 gold pieces
  8587 | D:8      | Found Zeonkea's General Store.
  8596 | D:8      | Bought a scroll of fog for 20 gold pieces
  9226 | D:9      | Noticed a troll
  9234 | D:9      | Killed a troll
  9234 | D:9      | Reached skill level 5 in Dodging
  9361 | D:9      | Found a shadowy altar of Dithmenos.
  9425 | D:9      | Found a shimmering altar of Xom.
  9452 | D:9      | Found a staircase to the Lair.
  9911 | D:9      | Reached ** piety under Hepliaklqana
  9912 | D:9      | Remembered your ancestor Kammani as a hexer
 10015 | D:9      | Reached skill level 1 in Fighting
 10051 | D:9      | Mangled by a wraith

Vault maps used:
D:1:      dpeg_arrival_central
D:2:      minmay_door_path, first_bread, nicolae_ashenzari_panopticon, uniq_iyjb
D:5:      nicolae_overflow_crystal_walls, serial_shops, nicolae_shop_trees,
          uniq_edmund
D:6:      grunt_temple_overflow_open
D:7:      lemuel_crystal_altar
D:8:      cheibriados_altar_1, serial_shops, nicolae_shop_waterfront,
          shop_fountains, nicolae_shop_temple_entry_statues_fountains,
          nicolae_shop_window_shopping
D:9:      overflow_temple_1_default, lemuel_mausoleum_altar_kikubaaqudgha,
          lair_entry_dummy, basic_altar
Temple:   nicolae_temple_great_sept

Skill      XL: |  1  2  3  4  5  6  7  8  9 |
---------------+----------------------------+-----
Stealth        | 5 6 7 8 10 | 10.0
Hexes          | 5 6 7 8 9 10 | 10.0
Short Blades   | 2 5 8 |  8.0
Dodging        | 4 8 |  8.8
Fighting       | 1 |  1.3
Spellcasting   | |  2.0

Action                   |  1- 3 |  4- 6 |  7- 9 || total
-------------------------+-------+-------+-------++-------
Melee: Dagger            |    57 |    72 |   159 ||   288
       Bite              |       |     3 |    24 ||    27
       Rapier            |       |       |    56 ||    56
 Cast: Corona            |    10 |       |     1 ||    11
       Ensorcelled Hiber |    17 |    29 |    48 ||    94
       Confuse           |       |     5 |    20 ||    25
       Dazzling Spray    |       |       |     3 ||     3
       Tukima's Dance    |       |       |     1 ||     1
Invok: Ancestor Life: He |       |       |     1 ||     1
       Ancestor Identity |       |       |     1 ||     1
  Use: Potion            |     1 |     4 |     5 ||    10
       Scroll            |       |     1 |     1 ||     2
 Stab: Sleeping          |    23 |    32 |    39 ||    94
       Confused          |       |     5 |    11 ||    16
       Distracted        |       |     2 |     1 ||     3
Armor: Robe              |    11 |    12 |    27 ||    50
Dodge: Dodged            |    30 |    20 |   114 ||   164
